 Dungeon Crawl Stone Soup version 0.30-a0-571-gdf30a72648 (webtiles) character file.

Game seed: 16204548858929096926

2433 Newt the Trooper (level 9, -1/74 HPs)
             Began as a Demonspawn Gladiator on Dec 29, 2022.
             Was a Follower of Okawaru.
             Slain by a wyvern (10 damage)
             ... on level 9 of the Dungeon.
             The game lasted 00:19:53 (9170 turns).

Newt the Trooper (Demonspawn Gladiator)             Turns: 9170, Time: 00:19:54

Health: -1/74      AC:  8    Str: 19    XL:     9   Next: 24%
Magic:  15/15      EV: 13    Int: 10    God:    Okawaru [*.....]
Gold:   900        SH:  0    Dex: 14    Spells: 16/16 levels left

rFire   . . .      SeeInvis .    C - +4 sling (flame)
rCold   . . .      Faith    .    (no shield)
rNeg    . . .      Spirit   .    b - +0 leather armour
rPois   +          Reflect  .    z - +2 helmet
rElec   .          Harm     .    (no cloak)
rCorr   .          Rampage  .    (no gloves)
Will    .....                    (no boots)
Stlth   ++                       (no amulet)
HPRegen 0.32/turn                e - ring of poison resistance
MPRegen 0.14/turn                q - ring of wizardry

@: mighty
A: rugged brown scales 2, powered by pain 3, demonic magic 1
a: Renounce Religion, Heroism


You were on level 9 of the Dungeon.
You worshipped Okawaru.
Okawaru was aware of your devotion.
You visited 2 branches of the dungeon, and saw 11 of its levels.
You also visited: Sewer and Ossuary.

You collected 1140 gold pieces.
You spent 240 gold pieces at shops.

Inventory:

Hand Weapons
 a - a +0 rapier
 i - a +2 short sword of protection
 C - a +4 sling of flaming (weapon)
Missiles
 j - 52 stones
 F - 5 javelins
 H - 5 boomerangs
Armour
 b - a +0 leather armour (worn)
 c - a +0 helmet
 z - a +2 helmet (worn)
Jewellery
 e - a ring of poison resistance (left hand)
 q - a ring of wizardry (right hand)
 I - a ring of fire
 J - a ring of ice
 N - a ring of wizardry
Wands
 s - a wand of digging (3)
 w - a wand of mindburst (17)
Scrolls
 f - 5 scrolls of enchant armour
 g - a scroll of magic mapping
 h - 2 scrolls of immolation
 k - a scroll of noise
 l - 7 scrolls of fog
 o - 2 scrolls of poison
 p - a scroll of fear
 L - 3 scrolls of teleportation
Potions
 d - 4 potions of heal wounds
 n - 4 potions of degeneration
 r - a potion of might
 t - a potion of curing
 u - a potion of berserk rage
 v - 2 potions of haste
 B - a potion of resistance
 D - 4 potions of brilliance
 G - a potion of lignification
 K - 2 potions of magic


   Skills:
 + Level 6.9 Fighting
 - Level 4.0 Short Blades
 - Level 4.0 Throwing
 - Level 4.0 Armour
 - Level 4.0 Dodging
 - Level 2.0 Stealth
 - Level 4.0 Spellcasting
 - Level 5.0 Evocations


You had 16 spell levels left.
You didn't know any spells.
Your spell library contained the following spells:

 Spells                   Type           Power      Damage    Failure   Level
 Blink                    Tloc           4%         N/A       17%         2
 Momentum Strike          Conj/Tloc      4%         3d8       17%         2
 Lesser Beckoning         Tloc           4%         N/A       32%         3


Dungeon Overview and Level Annotations

Branches:
Dungeon (10/15)            Temple (1/1) D:5           Sewer (visited)
Ossuary (visited)
   Lair: D:8-11         Orc: D:9-12

Altars:
Ashenzari
Fedhas
Gozag
Hepliaklqana
Kikubaaqudgha
Makhleb
Okawaru
Qazlal
Sif Muna
Uskayaw
Vehumet
Wu Jian
Xom
Yredelemnul

Shops:
D:8 (


Innate Abilities, Weirdness & Mutations

You are mostly covered in rugged brown scales. (AC +2, +5% HP)
You are powered by pain.
Spells you cast may paralyse adjacent enemies.


Message History

You are too injured to fight recklessly!
You are too injured to fight recklessly!
You are too injured to fight recklessly!
You are too injured to fight recklessly!
You are too injured to fight recklessly!
You are too injured to fight recklessly!
You are too injured to fight recklessly!
You are too injured to fight recklessly!
You are too injured to fight recklessly!
You are too injured to fight recklessly!
You are too injured to fight recklessly!
You are too injured to fight recklessly!
You are too injured to fight recklessly!
Unknown command.
You hear an angry buzzing noise.
You hear a bellow!
The bullfrog hits you but does no damage.
The bullfrog attacks as you move away! The bullfrog misses you.
A kobold brigand comes into view.
It is wielding a +0 short sword and quivering poisoned darts.
The orc priest mumbles some strange prayers to Beogh against you.
Beogh smites you!
* * * LOW HITPOINT WARNING * * *
The bullfrog closely misses you. The wyvern attacks as you move away!
The wyvern bites you!
* * * LOW HITPOINT WARNING * * *
The wyvern misses you. The bullfrog hits you.
* * * LOW HITPOINT WARNING * * *
The bullfrog attacks as you move away! The bullfrog closely misses you.
The wyvern attacks as you move away! The wyvern bites you.
* * * LOW HITPOINT WARNING * * *
The wyvern barely misses you.
The bullfrog hits you but does no damage.
The bullfrog attacks as you move away! The bullfrog hits you.
* * * LOW HITPOINT WARNING * * *
The wyvern closely misses you.
Okay, then.
The bullfrog attacks as you move away! The bullfrog hits you.
* * * LOW HITPOINT WARNING * * *
The wyvern bites you!
You die...

#..................#
#.................#.#
#..............#..#
####.........Y.+..#
#...........#..#
#.......K...+...
####.....o.....#....
#.......lT.....#.....
#......@F......##.....
#.....#####....#
#....>.........+
#.....)..#.....###.
....[...[..+.........
#.##.##....#.........
#. #+#####...........
..............#####
..####..............


You could see a yak, a troll, a wyvern, a kobold brigand, a bullfrog and an orc
priest.

Vanquished Creatures
  Sigmund (D:2)
  A steam dragon (D:5)
  A water moccasin (D:5)
  4 black bears
  A sky beast (D:7)
  An ogre (D:6)
  2 centaurs (D:5)
  3 phantoms
  A kobold brigand (D:5)
  A bullfrog (D:8)
  2 scorpions
  A howler monkey (D:5)
  A hound (D:4)
  A gnoll bouda (D:5)
  4 orc priests
  An iguana (D:5)
  Natasha (twice) (D:3)
  5 orc wizards
  A hound zombie (Ossuary)
  4 mummies (Ossuary)
  Robin (D:2)
  8 gnolls
  4 river rats
  9 adders
  2 shadow imps (D:6)
  An ufetubus (D:4)
  An adder zombie (Ossuary)
  2 worms
  3 dart slugs
  25 orcs
  8 bats
  5 endoplasms
  4 giant cockroaches
  16 goblins
  13 hobgoblins
  5 jackals (D:3)
  9 quokkas
  11 ball pythons
  10 frilled lizards
  2 gnoll zombies (Ossuary)
  A goblin zombie (Ossuary)
  A hobgoblin zombie (Ossuary)
  3 jackal zombies (Ossuary)
  13 kobolds
  2 kobold zombies (Ossuary)
  9 rats
  A rat zombie (Ossuary)
207 creatures vanquished.

Vanquished Creatures (others)
  38 fungi (D:8)
  38 plants (D:8)
76 creatures vanquished.

Grand Total: 283 creatures vanquished

Notes
Turn   | Place    | Note
-------+----------+-------------------------------------------
     0 | D:1      | Newt the Demonspawn Gladiator began the quest for the Orb.
     0 | D:1      | Reached XP level 1. HP: 16/16 MP: 1/1
   107 | D:1      | Reached skill level 1 in Stealth
   207 | D:1      | Gained mutation: You sometimes gain a little power by
                  | taking damage. [demonic ancestry]
   207 | D:1      | Reached XP level 2. HP: 16/22 MP: 2/2
   652 | D:1      | Gained mutation: You sometimes gain power by taking damage.
                  | [demonic ancestry]
   652 | D:1      | Reached XP level 3. HP: 23/27 MP: 3/3
   850 | D:2      | Identified a scroll of acquirement
   852 | D:2      | Acquired 791 gold pieces
   948 | D:2      | Noticed Sigmund
   958 | D:2      | Killed Sigmund
   959 | D:2      | Reached skill level 3 in Fighting
   959 | D:2      | Gained mutation: Spells you cast may paralyse adjacent
                  | enemies. [demonic ancestry]
   959 | D:2      | Reached XP level 4. HP: 35/35 MP: 4/4
   959 | D:2      | Gained mutation: You are partially covered in rugged brown
                  | scales. (AC +1, +3% HP) [demonic ancestry]
   959 | D:2      | Reached XP level 5. HP: 35/42 MP: 5/5
  1120 | D:2      | Noticed Robin
  1136 | D:2      | Killed Robin
  1257 | D:2      | Reached skill level 4 in Fighting
  1347 | D:2      | Reached skill level 1 in Armour
  1603 | D:2      | Gained mutation: You are powered by pain. [demonic
                  | ancestry]
  1603 | D:2      | Reached XP level 6. HP: 46/49 MP: 6/6
  2359 | D:3      | Noticed Natasha
  2367 | D:3      | Killed Natasha
  2527 | D:3      | Noticed Natasha
  2540 | D:3      | Killed Natasha
  2721 | D:4      | Found a glowing drain.
  2725 | Sewer    | Entered a sewer
  3544 | D:4      | Reached XP level 7. HP: 40/55 MP: 7/7
  3863 | D:4      | Reached skill level 1 in Evocations
  4222 | D:5      | Entered Level 5 of the Dungeon
  4919 | D:5      | Gained mutation: You are mostly covered in rugged brown
                  | scales. (AC +2, +5% HP) [demonic ancestry]
  4919 | D:5      | Reached XP level 8. HP: 35/63 MP: 8/8
  4948 | D:5      | Reached skill level 5 in Evocations
  4958 | D:5      | Found a staircase to the Ecumenical Temple.
  4975 | D:5      | Reached skill level 1 in Spellcasting
  5202 | Temple   | Entered the Ecumenical Temple
  5455 | Temple   | Became a worshipper of Warmaster Okawaru
  5573 | D:5      | Found a hide-covered altar of Uskayaw.
  5581 | D:5      | Found a basalt altar of Yredelemnul.
  5799 | D:5      | Reached skill level 5 in Fighting
  6031 | D:5      | Found an opulent altar of Gozag.
  6505 | D:6      | Found a stormy altar of Qazlal.
  6868 | D:5      | Found a shimmering altar of Xom.
  7046 | D:6      | Reached * piety under Okawaru
  7047 | D:6      | Reached skill level 6 in Fighting
  7506 | D:7      | Reached XP level 9. HP: 39/72 MP: 15/15
  7767 | D:8      | HP: 5/108 [scorpion (4)]
  7781 | D:8      | HP: 8/162 [bullfrog (4)]
  7787 | D:8      | HP: 4/109 [bullfrog (2)]
  7793 | D:8      | HP: 2/73 [bullfrog (1)]
  8032 | D:8      | Found a sand-covered staircase.
  8041 | Ossuary  | Entered an ossuary
  8294 | D:8      | Found Giet Mec's Weapon Boutique.
  8305 | D:8      | Bought a +3 sling for 240 gold pieces
  8715 | D:10     | Entered Level 10 of the Dungeon
  9157 | D:9      | Noticed a troll
  9170 | D:9      | Slain by a wyvern

Illustrated notes

Levels and vault maps discovered:
D:1:      psy_arrival_spokes, layout_loops_ring, minmay_unequal
D:2:      layout_loops_ring, uniq_robin, uniq_sigmund
D:3:      layout_loops_ring, uniq_natasha
D:4:      layout_gridville, gup_sewer_entry_bowl, minmay_misc_feat_doors
D:5:      layout_basic, mainiacjoe_overflow_catwalk, lemuel_crystal_altar,
          lemuel_crystal_altar, gammafunk_temple_overflow_elements,
          temple_statues, nicolae_concentric_dashed_squares_mild
D:6:      layout_loops_ring, mainiacjoe_overflow_cross_hatched
D:7:      layout_rooms, nicolae_overflow_squiral,
          nicolae_dithmenos_shadow_blocks, nicolae_island_escapes
D:8:      layout_basic, due_lair_maze_entry_diamond, serial_shops,
          nicolae_shop_bloodbath_and_beyond, chequers_ossuary_entry_cave,
          nicolae_elevator_lobby_plus, uniq_maurice, uniq_maggie
D:9:      gammafunk_jiyva_shrine, layout_basic, minmay_alternating_orb,
          uniq_grum
D:10:     cheibrodos_two_vegetables, layout_basic, lemuel_doored_altar,
          nicolae_ru_sacrificial_ziggurat, david_orc_3
Temple:   grunt_temple_mini_profane

Skill      XL: |  1  2  3  4  5  6  7  8  9 |
---------------+----------------------------+-----
Stealth        | 1 2 |  2.0
Throwing       | 2 4 |  4.0
Fighting       | 3 4 6 |  6.9
Armour         | 1 4 |  4.0
Short Blades   | 3 4 |  4.0
Evocations     | 4 5 |  5.0
Spellcasting   | 4 |  4.0
Dodging        | 3 4 |  4.0

Action                   |  1- 3 |  4- 6 |  7- 9 || total
-------------------------+-------+-------+-------++-------
Melee: Rapier            |   118 |     1 |       ||   119
       Punch             |     2 |     9 |     7 ||    18
       Short sword       |       |   361 |   490 ||   851
 Fire: Sling             |       |       |    48 ||    48
Throw: Stone             |     8 |    19 |     6 ||    33
       Throwing net      |     4 |     2 |     1 ||     7
       Javelin           |     1 |    14 |    15 ||    30
       Boomerang         |       |       |     5 ||     5
Evoke: Wand              |       |       |     2 ||     2
  Use: Scroll            |     5 |     4 |    18 ||    27
       Potion            |       |     1 |    15 ||    16
 Stab: Held in net/web   |     4 |       |       ||     4
       Sleeping          |     1 |     8 |     2 ||    11
Armor: Leather armour    |    30 |   144 |   274 ||   448
       Skin              |       |       |    48 ||    48
Dodge: Dodged            |    71 |   211 |   360 ||   642

Table legend: (Time is in decaauts)
 A = Elapsed time spent in this place.
 B = Non-inter-level travel time spent in this place.
 C = Inter-level travel time spent in this place.
 D = Time resting spent in this place.
 E = Time spent auto-exploring this place.
 F = Levels seen in this place.
 G = Mean time per level.
                   A        B        C        D        E       F      G
               +--------+--------+--------+--------+--------+-----+--------+
         Total |   9117 |   8875 |    242 |   2616 |   4171 |  13 |  701.3 |
       Dungeon |   8104 |   7900 |    204 |   2616 |   3483 |  10 |  810.4 |
        Temple |    265 |    227 |     38 |      0 |    223 |   1 |  265.0 |
         Sewer |    513 |    513 |      0 |      0 |    334 |   1 |  513.0 |
       Ossuary |    233 |    233 |      0 |      0 |    130 |   1 |  233.0 |
               +--------+--------+--------+--------+--------+-----+--------+

Top non-repeatable levels by time:
     D:5: 1799 daAuts
     D:4: 1274 daAuts
     D:6: 968 daAuts
     D:3: 967 daAuts
     D:1: 840 daAuts
     D:2: 787 daAuts
     D:8: 650 daAuts
   Sewer: 513 daAuts
    D:10: 401 daAuts
     D:7: 273 daAuts
  Temple: 265 daAuts
 Ossuary: 233 daAuts
     D:9: 139 daAuts
